cohdb
Replays
Latest Replays
All Replays
Popular Replays
Top Player Replays
Match Explorer
How It Works
Community
CoH3 Stats
Reddit
Sign in to upload your games and track your stats! →
Sign in with Steam
Match 46111618
Unlisted
Match 46111618
Overview
Messages
Build Orders
End
Scout Squad
Construct Barracks
Riflemen Squad
1⁄4-ton 4x4 Truck
Riflemen Squad
Construct Medical Station
Grenade Package
Riflemen Squad
Infantry Support Center
Construct Weapon Support Center
M3 Armored Personnel Carrier
Selects Special Operations Battlegroup
Selects M29 Weasel with M1 Pack Howitzer
Engineer Squad
Selects P-47 Anti-Infantry Loiter
P-47 Anti-Infantry Loiter
M1918 Browning Automatic Rifles
M1 Mortar Team
Construct Tank Depot
P-47 Anti-Infantry Loiter
M4A1 Sherman Medium Tank
oziligath
Rückkehrer
0
0
Comments
sign in to comment!
No comments posted yet!